 Dungeon Crawl Stone Soup version 0.25-a0-317-g5f8687bca5 (webtiles) character file.

Game seed: 3651400955724273343, levelgen mode: classic

528 Borgoz the Cudgeler (level 7, -7/41 HPs)
             Began as a Gargoyle Fighter on Dec 25, 2019.
             Splashed by Pikel's acid (10 damage)
             ... on level 5 of the Dungeon.
             The game lasted 00:06:39 (3378 turns).

Borgoz the Cudgeler (Gargoyle Fighter)              Turns: 3378, Time: 00:06:40

Health: -7/41      AC: 15    Str: 20    XL:     7   Next: 23%
Magic:  8/8        EV:  8    Int:  8    God:
Gold:   131        SH:  9    Dex: 11    Spells: 6/6 levels left

rFire    . . .     SeeInvis .   a - +0 flail
rCold    . . .     Gourm    .   c - +0 shield
rNeg     + . .     Faith    .   b - +0 scale mail
rPois    ∞         Spirit   .   (no helmet)
rElec    +         Reflect  .   (no cloak)
rCorr    .         Harm     .   m - +0 pair of gloves
MR       .....                  r - +1 pair of boots
Stlth    ..........             g - amulet of rage
HPRegen  0.13/turn              (no ring)
MPRegen  0.11/turn              (no ring)

@: berserk cooldown
A: negative energy resistance 1, electricity resistance, unbreathing,
petrification resistance, rot immunity, AC +4
a: Evoke Berserk Rage


You were on level 5 of the Dungeon.
You were hungry.

You visited 1 branch of the dungeon, and saw 5 of its levels.

You collected 131 gold pieces.

Inventory:

Hand Weapons
 a - a +0 flail (weapon)
Armour
 b - a +0 scale mail (worn)
 c - a +0 shield (worn)
 m - a +0 pair of gloves (worn)
 r - a +1 pair of boots (worn)
Jewellery
 g - an amulet of rage (around neck)
Wands
 s - a wand of flame (11)
Scrolls
 e - a scroll of enchant weapon
 h - a scroll of identify
 l - a scroll of immolation {unknown}
 n - 3 scrolls of teleportation {unknown}
 o - 2 scrolls of noise {unknown}
 p - a scroll of fear
Potions
 i - a potion of cancellation
 j - a potion of curing
 k - 2 potions of berserk rage
 t - 2 potions of haste
Comestibles
 f - 7 rations
 u - a chunk of flesh


   Skills:
 - Level 3.3 Fighting
 * Level 5.2 Maces & Flails
 + Level 4.9 Armour
 + Level 2.5 Dodging
 - Level 3.2 Shields
 + Level 2.2 Evocations


You had 6 spell levels left.
You didn't know any spells.
Your spell library was empty.

Dungeon Overview and Level Annotations

Branches:
Dungeon (5/15)
 Temple: D:4-7

Altars:
Hepliaklqana
Vehumet
Yredelemnul

Annotations:
D:5 1 runed translucent door, MisterFreud's ghost, novice OpAr; Pikel


Innate Abilities, Weirdness & Mutations

You are resistant to torment.
Your stone body is resilient. (AC +4)
You are immune to poison.
You resist negative energy. (rN+)
You are resistant to electric shocks. (rElec)
You can survive without breathing.
You are immune to petrification.
You are immune to rotting.


Message History

* * * LOW HITPOINT WARNING * * *
The slave hits you but does no damage.
It was a potion of cancellation.
Your magical effects are unravelling.
You feel magically purged.
You feel less wooden.
Your +0 pair of gloves unmelds from your body.
Your +1 pair of boots unmelds from your body.
Your +0 scale mail unmelds from your body.
You feel yourself speed up.
You feel a little less mighty now.
You are no longer corroded.
The slave closely misses you.
The frilled lizard completely misses you.
You block Pikel's attack.
The slave hits you but does no damage. x2
You block the frilled lizard's attack.
It was a potion of curing.
You feel better.
Pikel zaps a wand.
The bolt of acid hits you!!
* * * LOW HITPOINT WARNING * * *
You are splashed with acid!
You die...

........##..........#..###
........###........<###.#
.#.....##
#÷####.#.###..###
#.....>.....#####.#......#
........###..#.........###
......# ##......##...## ..
#...###.#..#.#
###pp###..#..##
#..@K.......##
#..#l.......#
....##.......## ......
##......# ...##..#....(.##
.. #.........## <
..........# ......#...#
......#....#


You could see Pikel, 2 slaves and a frilled lizard.

Vanquished Creatures
  An orc warrior (D:4)
  2 slaves (D:5)
  An ogre (D:4)
  A phantom (D:4)
  An orc priest (D:4)
  A hound (D:4)
  2 worker ants (D:4)
  2 hound skeletons
  2 adders
  A worm (D:2)
  3 dart slugs
  6 leopard geckos
  4 orcs
  9 bats
  2 giant cockroaches
  11 goblins
  7 hobgoblins
  12 jackals
  10 kobolds
  3 quokkas
  3 ball pythons
  9 frilled lizards
  A quokka skeleton (D:4)
  15 rats
109 creatures vanquished.

Notes
Turn   | Place    | Note
-------+----------+-------------------------------------------
     0 | D:1      | Borgoz the Gargoyle Fighter began the quest for the Orb.
     0 | D:1      | Reached XP level 1. HP: 14/14 MP: 1/1
    91 | D:1      | Reached XP level 2. HP: 12/19 MP: 2/2
   192 | D:1      | Reached XP level 3. HP: 18/23 MP: 3/3
   404 | D:1      | Reached skill level 1 in Dodging
   583 | D:2      | Reached skill level 3 in Maces & Flails
   687 | D:2      | Reached XP level 4. HP: 23/28 MP: 4/4
   710 | D:2      | Found a radiant altar of Vehumet.
  1171 | D:3      | Found a hazy altar of Hepliaklqana.
  1464 | D:3      | Reached XP level 5. HP: 32/32 MP: 5/5
  2189 | D:4      | Noticed an orc warrior
  2202 | D:4      | Killed an orc warrior
  2202 | D:4      | Reached skill level 4 in Maces & Flails
  2202 | D:4      | Reached skill level 1 in Evocations
  2202 | D:4      | Reached XP level 6. HP: 24/37 MP: 5/7
  2435 | D:4      | Found a basalt altar of Yredelemnul.
  2521 | D:4      | Found a radiant altar of Vehumet.
  2670 | D:4      | Noticed a phantom
  2689 | D:4      | Killed a phantom
  3018 | D:4      | Reached skill level 5 in Maces & Flails
  3018 | D:4      | Reached XP level 7. HP: 41/41 MP: 8/8
  3309 | D:5      | Entered Level 5 of the Dungeon
  3310 | D:5      | Found a runed translucent door.
  3310 | D:5      | Noticed MisterFreud's ghost (novice OpAr)
  3345 | D:5      | Noticed Pikel
  3378 | D:5      | Splashed by Pikel's acid

Levels and vault maps discovered:
D:1:      eino_arrival_cavern_c, layout_rooms
D:2:      layout_rooms, vehumet_crystals
D:3:      layout_loops_ring, lemuel_crystal_altar, first_ration,
          serial_co_window_serial, co_window_paths_a, co_window_corner_a,
          co_window_paths_a, co_window_corner_a, co_window_corner_a,
          co_window_of_opportunity_a, co_window_paths_b, co_window_broadway_a,
          co_window_corner_b, co_window_broadway_b, co_window_2corner,
          co_window_2corner, co_window_corner_b, co_window_2corner,
          glass_columns_c, glass_columns_c, glass_columns_c, glass_columns_a,
          glass_columns_a
D:4:      layout_loops_cross, kennysheep_flooded_box, vehumet_altar_wand_db
D:5:      layout_cave_pools, gammafunk_ghost_grave,
          nicolae_ossuary_entry_monument, uniq_pikel

Skill      XL: |  1  2  3  4  5  6 |
---------------+-------------------+-----
Dodging        | 1 2 |  2.5
Maces & Flails | 3 4 5 |  5.2
Armour         | 4 |  4.9
Evocations     | 1 2 |  2.2
Fighting       | |  3.3
Shields        | |  3.2

Action                   |  1- 3 |  4- 6 |  7- 9 || total
-------------------------+-------+-------+-------++-------
Melee: Flail             |   179 |   242 |    37 ||   458
 Abil: Evoke Berserk Rag |       |     3 |     1 ||     4
  Use: Scroll            |       |     5 |       ||     5
       Potion            |       |       |     5 ||     5
  Eat: Chunk             |       |     8 |       ||     8
       Ration            |       |       |     1 ||     1
Armor: Scale mail        |   140 |   172 |    15 ||   327
       Skin              |       |       |    18 ||    18
Dodge: Dodged            |    84 |    80 |    26 ||   190
Block: Shield            |   120 |   131 |    38 ||   289

Table legend:
 A = Non-vault XP
 B = Vault XP
 C = Vault XP percentage of total XP
 D = Non-vault monster count
 E = Vault monster count
 F = Vault count percentage of total count
                 A         B        C        D         E       F
            +---------+---------+-------+---------+---------+-------
      Total |     753 |       2 |   0.3 |     106 |       1 |   0.9
            +---------+---------+-------+---------+---------+-------
        D:1 |      52 |       0 |   0.0 |      34 |       0 |   0.0
        D:2 |      77 |       0 |   0.0 |      33 |       0 |   0.0
        D:3 |      70 |       0 |   0.0 |      23 |       0 |   0.0
        D:4 |     553 |       2 |   0.4 |      15 |       1 |   6.2
        D:5 |       1 |       0 |   0.0 |       1 |       0 |   0.0
            +---------+---------+-------+---------+---------+-------
